 Dungeon Crawl Stone Soup version 0.30.1-4-g462c640d31 (webtiles) character file.

Game seed: 3955578607016366845

752 Peloso the Slasher (level 7, -2/61 HPs)
             Began as a Minotaur Fighter on Sept 12, 2023.
             Was an Initiate of Okawaru.
             Succumbed to a gnoll's poison
             ... on level 5 of the Dungeon.
             The game lasted 00:06:54 (3999 turns).

Peloso the Slasher (Minotaur Fighter)               Turns: 3999, Time: 00:06:55

Health: -2/61      AC: 13    Str: 24    XL:     7   Next: 49%
Magic:  6/6        EV:  8    Int:  4    God:    Okawaru [......]
Gold:   181        SH:  5    Dex: 11    Spells: 6/6 levels left

rFire   . . .        a - +0 long sword (spect)
rCold   . . .        d - +0 buckler
rNeg    . . .        c - +0 chain mail
rPois   .            (helmet restricted)
rElec   .            s - +0 cloak
rCorr   .            (no gloves)
SInv    +            (no boots)
Will    .....        (no amulet) Stlth
                     (no ring)
HPRegen 0.30/turn    (no ring)
MPRegen 0.10/turn

%: no passive effects
@: lethally poisoned (-2 -> -15), weakened, attractive
A: horns 2, retaliatory headbutt, iridescent scales 1, see invisible, strong 1
a: Renounce Religion


You were on level 5 of the Dungeon.
You worshipped Okawaru.
Okawaru was noncommittal.
You visited 2 branches of the dungeon, and saw 6 of its levels.

You collected 181 gold pieces.

Inventory:

Hand Weapons
 a - a +0 spectral long sword (weapon)
Armour
 b - a +0 scale mail
 c - a +0 chain mail (worn)
 d - a +0 buckler (worn)
 s - a +0 cloak (worn)
Wands
 j - a wand of paralysis (8)
 l - a wand of flame (4)
Scrolls
 e - 2 scrolls of teleportation
 f - a scroll of identify
 k - a scroll of poison
 n - a scroll of enchant weapon
 p - a scroll of blinking
 q - 2 scrolls of torment {unknown}
 t - a scroll of fear {unknown}
Potions
 g - a potion of lignification
 h - a potion of might
 i - a potion of haste {unknown}
 m - a potion of attraction
 o - 2 potions of mutation


   Skills:
 + Level 5.0 Fighting
 + Level 6.6 Long Blades
 + Level 6.4 Armour
 + Level 1.1 Dodging
 + Level 5.5 Shields


You had 6 spell levels left.
You didn't know any spells.
Your spell library contained the following spells:

 Spells                   Type           Power      Damage    Failure   Level
 Shock                    Conj/Air       0%         1d3       98%         1
 Swiftness                Air            0%         N/A       100%        3
 Airstrike                Air            0%         2d(0-16)  100%        4
 Passage of Golubria      Tloc           0%         N/A       100%        4
 Yara's Violent Unravell  Hex/Tmut       0%         3d3       100%        5
 Tukima's Dance           Hex            Unusable   N/A       N/A         3

Dungeon Overview and Level Annotations

Branches:
Dungeon (5/15)             Temple (1/1) D:5

Altars:
Ashenzari
Elyvilon
Fedhas
Gozag
Hepliaklqana
Nemelex Xobeh
Okawaru
Qazlal
Ru
Sif Muna
Trog
Uskayaw
Vehumet
Xom
Yredelemnul
Zin
The Shining One

Shops:
D:2 :


Innate Abilities, Weirdness & Mutations

You have a pair of horns on your head.
You reflexively headbutt those who attack you in melee.
You are partially covered in iridescent scales. (AC +2)
You have supernaturally acute eyesight. (SInv)
Your muscles are strong. (Str +4, Int/Dex -1)


Message History

The gnoll hits you with a +0 flail of holy wrath.
The gnoll hits you but does no damage.
You are more poisoned.
The gnoll bouda hits your +0 spectral long sword with a +0 club!
Your spectral weapon shares its damage with you!
* * * LOW HITPOINT WARNING * * *
You block the gnoll's attack.
The gnoll hits you from afar with a +2 spear of venom.
* * * LOW HITPOINT WARNING * * *
You are more poisoned.
The gnoll bouda misses your +0 spectral long sword.
Unknown command.
It was a potion of attraction.
You feel attractive to monsters.
Your +0 spectral long sword disappears.
* * * LOW HITPOINT WARNING * * *
You feel extremely sick. The gnoll hits you but does no damage.
The gnoll bouda barely misses you. You furiously retaliate!
You headbutt the gnoll bouda!
You kill the gnoll bouda!
Okawaru accepts your kill.
The gnoll hits you from afar with a +2 spear of venom.
* * * LOW HITPOINT WARNING * * *
You are more poisoned.
It was a potion of curing.
You feel better. The gnoll completely misses you.
The gnoll hits you with a +0 flail of holy wrath.
* * * LOW HITPOINT WARNING * * *
You feel better.
The gnoll hits you with a +0 flail of holy wrath.
* * * LOW HITPOINT WARNING * * *
You block the gnoll's attack.
Unknown command.
You hit the gnoll but do no damage. You headbutt the gnoll.
You kill the gnoll!
Okawaru accepts your kill.
The gnoll hits you from afar with a +2 spear of venom.
* * * LOW HITPOINT WARNING * * *
You are lethally poisoned!
Unknown command.
You die...

.....## .....## ......##
.......#####
..(.....##.#
...........####
.....##.....?.####
.........#.#...))###
<....≈...#...≈.≈@..#
.......♣...♣....g♣...#
....♣..§.§....♣..).≈...#
..§.§..♣...♣.....♣...♣.#
...≈§≈.......≈.≈.......#
........§.≈....§..≈.§.##
..♣...♣.....♣...♣.....#
....≈.. ...§§. .. .##


You could see a gnoll (swift).

Vanquished Creatures
  A black bear (D:5)
  2 ogres
  A centaur (D:5)
  Blork the orc (D:5)
  A scorpion (D:4)
  A gnoll bouda (D:5)
  A jelly (D:5)
  An iguana (D:4)
  2 orc wizards
  2 gnolls (D:5)
  5 adders
  A worm (D:4)
  2 dart slugs
  7 orcs
  7 ball pythons
  3 bats
  5 endoplasms
  A giant cockroach (D:1)
  8 goblins
  3 hobgoblins
  3 jackals (D:3)
  4 quokkas
  11 frilled lizards
  9 kobolds
  3 rats
85 creatures vanquished.

Notes
Turn   | Place    | Note
-------+----------+-------------------------------------------
     0 | D:1      | Peloso the Minotaur Fighter began the quest for the Orb.
     0 | D:1      | Reached XP level 1. HP: 19/19 MP: 0/0
   309 | D:1      | Reached XP level 2. HP: 25/27 MP: 1/1
   801 | D:1      | Gained mutation: Your muscles are strong. (Str +4, Int/Dex
                  | -1) [potion of mutation]
   801 | D:1      | Gained mutation: You have supernaturally acute eyesight.
                  | (SInv) [potion of mutation]
   801 | D:1      | Gained mutation: You are partially covered in iridescent
                  | scales. (AC +2) [potion of mutation]
  1032 | D:2      | Reached XP level 3. HP: 33/33 MP: 2/2
  1499 | D:2      | Found Evaolah's Book Emporium.
  1792 | D:3      | Found a glowing golden altar of the Shining One.
  1915 | D:3      | Reached XP level 4. HP: 40/40 MP: 3/3
  1929 | D:3      | Found a radiant altar of Vehumet.
  2058 | D:3      | Found a basalt altar of Yredelemnul.
  2141 | D:3      | Found a stormy altar of Qazlal.
  2173 | D:3      | Found a sacrificial altar of Ru.
  2180 | D:3      | Found a glowing silver altar of Zin.
  3169 | D:4      | Noticed a scorpion
  3179 | D:4      | Killed a scorpion
  3180 | D:4      | Reached XP level 5. HP: 40/46 MP: 4/4
  3185 | D:4      | Reached skill level 5 in Armour
  3185 | D:4      | Reached skill level 5 in Shields
  3207 | D:4      | Noticed an ogre
  3219 | D:4      | Killed an ogre
  3220 | D:4      | Reached XP level 6. HP: 21/53 MP: 5/5
  3573 | D:4      | Found an opulent altar of Gozag.
  3573 | D:4      | Found a sparkling altar of Nemelex Xobeh.
  3676 | D:5      | Entered Level 5 of the Dungeon
  3676 | D:5      | Noticed Blork the orc
  3678 | D:5      | Found a staircase to the Ecumenical Temple.
  3685 | D:5      | Killed Blork the orc
  3686 | D:5      | Reached skill level 5 in Long Blades
  3708 | D:5      | Reached XP level 7. HP: 53/60 MP: 6/6
  3724 | D:5      | Reached skill level 5 in Fighting
  3724 | D:5      | Reached skill level 1 in Dodging
  3744 | Temple   | Entered the Ecumenical Temple
  3820 | Temple   | Became a worshipper of Warmaster Okawaru
  3893 | D:5      | Identified the +4 robe "Eced" {Contam Rampage rN+ Will+}
  3995 | D:5      | HP: 1/61 [gnoll/+2 spear of venom[a gnoll bouda] (5)]
  3999 | D:5      | Succumbed to a gnoll's poison

Illustrated notes

Levels and vault maps discovered:
D:1:      ncdulo_smallfort, layout_basic, bh_walls_and_bars
D:2:      layout_basic, serial_shops, shop
D:3:      layout_basic, mainiacjoe_overflow_paths, grunt_temple_overflow_open,
          nicolae_qazlal_general_emergency, mainiacjoe_overflow_cross_hatched,
          vehumet_altar_wand_db, serial_corexii_hall, corexii_hall_statues_l,
          corexii_hall_statues_t
D:4:      layout_basic, grunt_temple_overflow_opulence
D:5:      minmay_diamond_boxcup, layout_cave_pools, temple_pool_b,
          nicolae_kite_square_tiling_tiny, uniq_blork_the_orc
Temple:   kb_temple_of_zot

Skill      XL: |  1  2  3  4  5  6  7 |
---------------+----------------------+-----
Armour         | 4 5 6 |  6.4
Long Blades    | 3 4 5 6 |  6.6
Fighting       | 4 5 |  5.0
Shields        | 4 5 |  5.5
Dodging        | 1 |  1.1

Action                     |  1- 3 |  4- 6 |  7- 9 || total
---------------------------+-------+-------+-------++-------
  Melee: Long sword        |   104 |    69 |    23 ||   196
         Headbutt          |     9 |    12 |     8 ||    29
    Use: Potion            |     4 |       |     3 ||     7
         Scroll            |     4 |     3 |       ||     7
 Armour: Scale mail        |    28 |       |       ||    28
         Chain mail        |    44 |    37 |    18 ||    99
  Dodge: Dodged            |    50 |    34 |    19 ||   103
  Block: Buckler           |    25 |    12 |    17 ||    54
